 Dungeon Crawl Stone Soup version 0.19.1 (webtiles) character file.

310 empire the Changer (level 6, -6/47 HPs)
             Began as a Draconian Transmuter on Dec 20, 2016.
             Mangled by an iguana (11 damage)
             ... on level 6 of the Dungeon.
             The game lasted 00:10:23 (2686 turns).

empire the Changer (Draconian Transmuter)           Turns: 2686, Time: 00:10:23

Health: -6/47      AC:  6    Str: 18    XL:     6   Next: 18%
Magic:  11/11      EV: 13    Int: 13    God:
Gold:   154        SH:  0    Dex: 13    Spells: 4 memorised, 1 level left

rFire  . . .     SeeInvis .       - Unarmed
rCold  . . .     Gourm    .     (armour unavailable)
rNeg   + . .     Faith    .     (no shield)
rPois  .         Spirit   .     (helmet restricted)
rElec  .         Reflect  .     (no cloak)
rCorr  .         Harm     .     (no gloves)
MR     .....                    (no boots)
Stlth  +.........               d - amulet of regeneration
                                (no ring)
                                j - ring of positive energy

@: mighty
A: unfitting armour, cold-blooded, AC +6
a: no special abilities


You were on level 6 of the Dungeon.
You were hungry.

You visited 1 branch of the dungeon, and saw 6 of its levels.

You collected 154 gold pieces.

Inventory:

Hand Weapons
 o - a +0 whip of draining
 s - a +0 longbow
 u - a cursed -3 mace
 w - a +0 flail of protection
 y - a +0 hand axe of freezing
Missiles
 a - 131 arrows
 e - 6 needles of confusion
 k - 9 bolts
Jewellery
 d - an amulet of regeneration (around neck)
 j - a ring of positive energy (left hand)
 A - an uncursed ring of positive energy
Scrolls
 h - a scroll of remove curse
 i - 2 scrolls of teleportation {unknown}
 l - 2 scrolls of identify {unknown}
 m - a scroll of enchant armour
 v - a scroll of recharging
Potions
 f - a potion of agility {unknown}
 p - a potion of mutation {unknown}
 q - a potion of lignification {unknown}
 r - a potion of might
 t - a potion of degeneration {unknown}
 x - a potion of haste {unknown}
 z - 2 potions of curing {unknown}
Books
 b - a book of Changes

   Spells                             Type                      Level
   a - Beastly Appendage              Transmutation                1
   b - Sticks to Snakes               Transmutation                2
   c - Spider Form                    Transmutation/Poison         3
   d - Ice Form                       Ice/Transmutation            4
   e - Blade Hands                    Transmutation                5
Comestibles
 c - 3 bread rations
 g - 4 chunks of flesh
 n - 2 beef jerkies


   Skills:
 - Level 1.1 Fighting
 + Level 3.1 Dodging
 - Level 4.0 Unarmed Combat
 + Level 3.4 Spellcasting
 - Level 4.2 Transmutations


You had one spell level left.
You knew the following spells:

 Your Spells              Type           Power        Failure   Level  Hunger
a - Beastly Appendage     Tmut           ##....       4%          1    #......
b - Sticks to Snakes      Tmut           ##......     8%          2    ##.....
c - Spider Form           Tmut/Pois      #.........   34%         3    ###....
d - Ice Form              Ice/Tmut       #.......     91%         4    #####..


Dungeon Overview and Level Annotations

Branches:
Dungeon (6/15)
 Temple: D:4-7

Altars:
Dithmenos
Nemelex Xobeh
Qazlal
Uskayaw

Annotations:
D:3 Philosophy's ghost, amateur FoFi
D:4 kengeki's ghost, amateur HOFi
D:5 Philosophy's ghost, novice FoFi


Innate Abilities, Weirdness & Mutations

Your plain brown scales are hard. (AC +6)
You cannot fit into any form of body armour.
You are cold-blooded and may be slowed by cold attacks.


Message History

Philosophy's ghost completely misses you.
Philosophy's ghost barely misses you.
There is a stone staircase leading down here.
The iguana bites you! x2; Philosophy's ghost hits you!
* * * LOW HITPOINT WARNING * * *
You climb downwards.
There is a stone staircase leading up here.
It was a potion of might.
You feel very mighty all of a sudden. The iguana barely misses you.
The iguana closely misses you.
You punch the iguana!
The iguana is severely wounded.
The iguana completely misses you. The iguana bites you.
* * * LOW HITPOINT WARNING * * *
You punch the iguana!
You kill the iguana!
Your Dodging skill increases to level 3!
The iguana bites you but does no damage.
You hit the iguana but do no damage. The iguana bites you!
You die...

..########
.........
.......†#
#@# #l#
#.# #.#
#.# #.#
#.# #.#


You could see an iguana.

Vanquished Creatures
  A scorpion (D:4)
  A hound (D:5)
  An iguana (D:6)
  Robin (D:3)
  5 gnolls
  5 adders
  An adder zombie (D:5)
  An ooze (D:2)
  A worm (D:2)
  3 dart slugs
  4 leopard geckos
  An orc (D:3)
  5 giant cockroaches
  13 goblins
  15 hobgoblins
  4 quokkas
  8 bats
  2 frilled lizards
  9 kobolds
  5 rats
86 creatures vanquished.

Notes
Turn   | Place    | Note
-------+----------+-------------------------------------------
     0 | D:1      | empire the Draconian Transmuter began the quest for the Orb.
     0 | D:1      | Reached XP level 1. HP: 16/16 MP: 3/3
   122 | D:1      | Reached XP level 2. HP: 21/23 MP: 5/5
   438 | D:1      | Reached XP level 3. HP: 25/28 MP: 7/7
  1095 | D:2      | Reached XP level 4. HP: 10/35 MP: 8/8
  1691 | D:3      | Reached XP level 5. HP: 33/40 MP: 9/9
  2038 | D:3      | Noticed Robin
  2127 | D:3      | Killed Robin
  2151 | D:3      | Learned a level 2 spell: Sticks to Snakes
  2155 | D:3      | Learned a level 3 spell: Spider Form
  2160 | D:3      | Learned a level 4 spell: Ice Form
  2200 | D:3      | Noticed Philosophy's ghost (amateur FoFi)
  2217 | D:3      | HP: 2/40 [Philosophy's ghost (13)]
  2503 | D:4      | Found a stormy altar of Qazlal.
  2504 | D:4      | Found a sparkling altar of Nemelex Xobeh.
  2504 | D:4      | Found a hide-covered altar of Uskayaw.
  2505 | D:4      | Found a shadowy altar of Dithmenos.
  2517 | D:4      | Noticed kengeki's ghost (amateur HOFi)
  2540 | D:5      | Entered Level 5 of the Dungeon
  2552 | D:5      | Reached XP level 6. HP: 32/47 MP: 9/11
  2644 | D:5      | Noticed Philosophy's ghost (novice FoFi)
  2686 | D:6      | Mangled by an iguana

Skill      XL: |  1  2  3  4  5  6 |
---------------+-------------------+-----
Spellcasting   | 3 |  3.4
Transmutations | 3 4 |  4.2
Unarmed Combat | 4 |  4.0
Dodging        | 2 3 |  3.1
Fighting       | |  1.1

Action                   |  1- 3 |  4- 6 || total
-------------------------+-------+-------++-------
Melee: Unarmed           |   147 |   239 ||   386
       Tailslap          |    13 |    20 ||    33
       Punch             |     4 |     5 ||     9
       Kick              |     3 |    13 ||    16
       Headbutt          |     1 |    14 ||    15
 Cast: Beastly Appendage |     2 |    16 ||    18
       Sticks to Snakes  |       |     3 ||     3
  Use: Potion            |     1 |     4 ||     5
       Scroll            |       |     6 ||     6
 Stab: Distracted        |     1 |       ||     1
  Eat: Chunk             |       |     6 ||     6
Armor: Skin              |    31 |    84 ||   115
Dodge: Dodged            |    80 |   217 ||   297
